AoeStats
← bigElittled

Arabia

503678488Analyzed
1v1 RM · 1mo ago on Sep 1, 2026· 32m 11s· 2 players
Game mode
Random Map
Map size
Tiny (2 player)
Population
200
Speed
Normal
Resources
Standard
Victory
Conquest
Starting age
Dark Age
Ending age
Imperial Age
RankedLock teamsTeams togetherTeam positionsShared explorationLock speedFull tech treeHidden civsTurbo modeCheats
Victory
Defeat
🇦🇷 Armenians · Argentina
467
+13
🇺🇸 Armenians · United States
405
-13
bigElittled
10:51 Feudal Age
12:11 Double-Bit Axe
13:03 Wheelbarrow
12:55 Horse Collar
Milazzo
5:27 Loom
9:13 Feudal Age
10:27 Double-Bit Axe
17:51 Gold Mining
21:35 Bloodlines
27:12 Castle Age
25:46 Fletching
29:09 Bow Saw
30:37 Crossbowman
Connection lost

Rejoining the realm…

Still unreachable

The connection could not be restored.

Session expired

The server has moved on; the page needs a fresh start.